 Dungeon Crawl Stone Soup version 0.19.1 (webtiles) character file.

539 Alarkh the Grave Robber (level 7, -2/41 HPs)
             Began as a Mummy Necromancer on Dec 20, 2016.
             Was an Initiate of Hepliaklqana.
             Slain by a gnoll
             ... wielding a +1 halberd of flaming
              (15 damage)
             ... on level 5 of the Dungeon.
             The game lasted 00:06:23 (3250 turns).

Alarkh the Grave Robber (Mummy Necromancer)         Turns: 3250, Time: 00:06:24

Health: -2/41      AC:  3    Str: 12    XL:     7   Next: 5%
Magic:  15/23      EV: 12    Int: 16    God:    Hepliaklqana [......]
Gold:   229        SH:  0    Dex: 12    Spells: 3 memorised, 8 levels left

rFire  x . .     SeeInvis .     f - +1 dagger (venom)
rCold  + + .     Gourm    .     a - +0 robe
rNeg   + + +     Faith    .     (no shield)
rPois  ∞         Spirit   .     m - +0 helmet (curse)
rElec  .         Reflect  .     (no cloak)
rCorr  .         Harm     .     (no gloves)
MR     .....                    (no boots)
Stlth  ++........               (no amulet)
                                l - ring of magical power
                                k - ring of protection from cold

@: no status effects
A: no food or potions, fire vulnerability, reduced essence, cold resistance 1,
negative energy resistance 3, torment resistance, unbreathing
a: Recall Ancestor, Ancestor Identity, Renounce Religion


You were on level 5 of the Dungeon.
You worshipped Hepliaklqana.
Hepliaklqana was noncommittal.
You were not hungry.

You visited 2 branches of the dungeon, and saw 6 of its levels.

You collected 229 gold pieces.

Inventory:

Hand Weapons
 c - a +0 mace
 f - a +1 dagger of venom (weapon)
Armour
 a - a +0 robe (worn)
 m - a cursed +0 helmet (worn)
Jewellery
 i - an uncursed amulet of guardian spirit
 k - a ring of protection from cold (left hand)
 l - a ring of magical power (right hand)
Scrolls
 d - 2 scrolls of remove curse
 e - 2 scrolls of identify
 g - a scroll of amnesia
 h - a scroll of random uselessness
 n - a scroll of blinking
Books
 b - a book of Necromancy

   Spells                             Type                      Level
   a - Pain                           Necromancy                   1
   b - Animate Skeleton               Necromancy                   1
   c - Vampiric Draining              Necromancy                   3
   d - Regeneration                   Charms/Necromancy            3
   e - Animate Dead                   Necromancy                   4
   f - Control Undead                 Necromancy                   4
 j - a book of Misfortune

   Spells                             Type                      Level
   a - Confusing Touch                Hexes                        1
   b - Confuse                        Hexes                        3
   c - Gell's Gravitas                Hexes/Translocation          3
   d - Petrify                        Transmutation/Earth          4
   e - Metabolic Englaciation         Hexes/Ice                    5
   f - Yara's Violent Unravelling     Hexes/Transmutation          5


   Skills:
 - Level 1.5 Dodging
 - Level 1.5 Stealth
 + Level 5.1 Spellcasting
 + Level 6.6 Necromancy


You had 8 spell levels left.
You knew the following spells:

 Your Spells              Type           Power        Failure   Level  Hunger
a - Pain                  Necr           ####         1%          1    N/A
b - Vampiric Draining     Necr           ####......   3%          3    N/A
c - Control Undead        Necr           ####......   12%         4    N/A

Dungeon Overview and Level Annotations

Branches:
Dungeon (5/15)             Temple (1/1) D:4

Altars:
Ashenzari
Cheibriados
Elyvilon
Fedhas
Gozag
Hepliaklqana
Makhleb
Nemelex Xobeh
Okawaru
Sif Muna
Trog
Uskayaw
Yredelemnul
Zin

Shops:
D:3 *   D:4 !*


Innate Abilities, Weirdness & Mutations

You do not eat or drink.
Your flesh is vulnerable to fire.
You are immune to poison.
Your flesh is cold resistant. (rC+)
You are immune to negative energy. (rN+++)
You are immune to unholy pain and torment.
You can survive without breathing.
Your life essence is reduced. (-10% HP)


Message History

You feel life coursing into your body. The gnoll closely misses you.
The gnoll misses you.
The gnoll hits you but does no damage. Ælfthryth hits the gnoll!
The gnoll dies!
Casting: Vampiric Draining
Confirm with . or Enter, or press ? or * to list all spells.
Aiming: Pain
Press: ? - help, Shift-Dir - straight line, f - gnoll
Aim: a gnoll, wielding a spear (chance to defeat MR: 89%)
The gnoll writhes in agony!
The gnoll barely misses you.
The gnoll hits you from afar with a spear.
Casting: Pain
Confirm with . or Enter, or press ? or * to list all spells.
Aiming: Pain
Press: ? - help, Shift-Dir - straight line, f/p - gnoll
Aim: a gnoll, wielding a spear (moderately wounded, chance to defeat MR: 89%) Ælfthryth is unaffected.
The gnoll hits you from afar with a halberd of flaming!!
The gnoll burns you!
You die...

##... .....
#...# #...#
. #####..<#
♣♣P#...g.g.
♣......R>#
#...@.+
#.....##
####+#<#
#.# #.# #.#
..# ..# #.#


You could see the friendly Ælfthryth the ancestor and 2 gnolls.

Vanquished Creatures
  A wyvern (D:4)
  An ogre (D:4)
  A scorpion (D:4)
  A worker ant (D:4)
  Robin (D:3)
  A gnoll (D:5)
  5 adders
  An ooze (D:1)
  2 worms
  A dart slug (D:4)
  2 leopard geckos
  An orc (D:4)
  4 bats
  3 giant cockroaches
  10 hobgoblins
  2 jackals (D:1)
  7 kobolds
  2 ball pythons
  5 frilled lizards
  13 goblins
  4 rats
68 creatures vanquished.

Vanquished Creatures (collateral kills)
  A howler monkey (D:4)
  A crimson imp (D:4)
  A worker ant (D:4)
  A gnoll (D:5)
4 creatures vanquished.

Vanquished Creatures (others)
  A quokka (D:4)
1 creature vanquished.

Grand Total: 73 creatures vanquished

Notes
Turn   | Place    | Note
-------+----------+-------------------------------------------
     0 | D:1      | Alarkh the Mummy Necromancer began the quest for the Orb.
     0 | D:1      | Reached XP level 1. HP: 13/13 MP: 3/3
   153 | D:1      | Reached XP level 2. HP: 19/19 MP: 0/5
   757 | D:2      | Reached XP level 3. HP: 4/24 MP: 1/7
   762 | D:2      | Learned a level 3 spell: Vampiric Draining
  1390 | D:3      | Found Gozag's Platinum Reserve.
  1482 | D:3      | Noticed Robin
  1506 | D:3      | Killed Robin
  1515 | D:3      | Reached XP level 4. HP: 18/30 MP: 3/9
  1759 | D:3      | Reached skill level 5 in Necromancy
  1805 | D:3      | Found an opulent altar of Gozag.
  2268 | D:4      | Found a staircase to the Ecumenical Temple.
  2268 | D:4      | Found Ziaxt's General Store.
  2280 | Temple   | Entered the Ecumenical Temple
  2287 | Temple   | Became a worshipper of Hepliaklqana the Forgotten
  2304 | D:4      | Learned a level 4 spell: Control Undead
  2348 | D:4      | Reached XP level 5. HP: 24/31 MP: 10/10
  2420 | D:4      | Found a white marble altar of Elyvilon.
  2428 | D:4      | Found Runkygry's Distillery.
  2466 | D:4      | Noticed a wyvern
  2475 | D:4      | Killed a wyvern
  2475 | D:4      | Reached skill level 6 in Necromancy
  2475 | D:4      | Reached XP level 6. HP: 15/36 MP: 10/13
  2821 | D:4      | Found a staircase to the Ecumenical Temple.
  2825 | D:4      | Found Ziaxt's General Store.
  2839 | D:4      | Reached skill level 5 in Spellcasting
  3013 | D:4      | Found a white marble altar of Elyvilon.
  3019 | D:4      | Found Runkygry's Distillery.
  3108 | D:4      | Reached XP level 7. HP: 30/41 MP: 14/14
  3242 | D:5      | Entered Level 5 of the Dungeon
  3250 | D:5      | Slain by a gnoll

Skill      XL: |  1  2  3  4  5  6 |
---------------+-------------------+-----
Spellcasting   | 3 4 5 |  5.1
Necromancy     | 5 6 |  6.6
Dodging        | |  1.5
Stealth        | |  1.5

Action                   |  1- 3 |  4- 6 |  7- 9 || total
-------------------------+-------+-------+-------++-------
Melee: Unarmed           |     2 |       |       ||     2
       Mace              |     3 |       |       ||     3
       Dagger            |    51 |    53 |     2 ||   106
 Cast: Pain              |    36 |    52 |     2 ||    90
       Vampiric Draining |     1 |     4 |     2 ||     7
Invok: Recall Ancestor   |       |     2 |       ||     2
       Ancestor Identity |       |     1 |       ||     1
  Use: Scroll            |     3 |     1 |       ||     4
 Stab: Sleeping          |     2 |     2 |       ||     4
Armor: Robe              |    10 |    11 |     2 ||    23
Dodge: Dodged            |    28 |    38 |     7 ||    73
